 Dungeon Sprint DCSS version 0.23.2-1-ga50397a (webtiles) character file.

Game seed: 14271885845609442073

431 xveg the Fighter (level 6, -1/67 HPs)
             Began as a Minotaur Berserker on May 15, 2019.
             Was a Believer of Trog.
             Succumbed to Sonja's poison
             ... in the Dungeon (Sprint I: "Red Sonja").
             The game lasted 00:02:20 (580 turns).

xveg the Fighter (Minotaur Berserker)                Turns: 580, Time: 00:02:21

Health: -1/67      AC:  9    Str: 24    XL:     6   Next: 67%
Magic:  5/5        EV: 14    Int:  4    God:    Trog [**....]
Gold:   185        SH:  0    Dex:  9    Spells: 5/5 levels left

rFire    . . .     SeeInvis .     - Unarmed
rCold    . . .     Gourm    .   (no shield)
rNeg     . . .     Faith    .   i - +3 ring mail {MR+}
rPois    .         Spirit   .   (helmet restricted)
rElec    .         Reflect  .   (no cloak)
rCorr    .         Harm     .   (no gloves)
MR       +++..     NoTele   +   (no boots)
Stlth    +.........             (no amulet)
HPRegen  1.21/turn              (no ring)
MPRegen  0.09/turn              (no ring)

@: lethally poisoned (-1 -> -9), very slightly contaminated, regenerating,
slowed, very slow
A: retaliatory headbutt, horns 2
a: Berserk, Trog's Hand, Renounce Religion


You were in the Dungeon.
You worshipped Trog.
Trog was pleased with you.
You were not hungry.

You visited 1 branch You collected 297 gold pieces.
You spent 112 gold pieces at shops.

Inventory:

Armour
 a - a +0 animal skin
 i - a +3 ring mail of magic resistance (worn)
Potions
 d - a potion of heal wounds
 e - a potion of haste
 f - 2 potions of magic
 g - a potion of berserk rage
Comestibles
 b - a ration


   Skills:
 + Level 10.6 Fighting
 + Level 5.5 Armour
 + Level 6.6 Dodging
 + Level 0.6 Stealth
 + Level 10.5 Unarmed Combat


You had 5 spell levels left.
You didn't know any spells.
Your spell library was empty.

Dungeon Overview and Level Annotations

Branches:
Dungeon (1/1)

Altars:
Cheibriados
Dithmenos
Elyvilon
Fedhas
Gozag
Hepliaklqana
Kikubaaqudgha
Nemelex Xobeh
Okawaru
Qazlal
Ru
Sif Muna
Trog
Uskayaw
Vehumet
Wu Jian
Yredelemnul
Zin
The Shining One

Shops:
D [

Annotations:
D Sonja


Innate Abilities, Weirdness & Mutations

You reflexively headbutt those who attack you in melee.
You have a pair of horns on your head.


Message History

You feel sick.
Sonja hits you with a +1 dagger of venom.
* * * LOW HITPOINT WARNING * * *
You are more poisoned.
Sonja closely misses you. Sonja misses you.
You closely miss Sonja. Your headbutt misses Sonja. Your punch misses Sonja.
Sonja is heavily wounded.
* * * LOW HITPOINT WARNING * * *
You feel sick. Sonja hits you but does no damage.
You are more poisoned.
Sonja barely misses you.
Sonja hits you with a +1 dagger of venom.
* * * LOW HITPOINT WARNING * * *
You are more poisoned.
Sonja mumbles some strange words.
Sonja blinks!
Your skin crawls.
You feel resistant to hostile enchantments.
You feel somewhat more hungry.
You die...

################
#<.#..').#..'..#
#..'[.#..').#..+
#..#####'#####'#
#..####..#...#(#
#..#__####..##[#
#..#_____##@#_.+
#⌠⌠#_.∩...'.(._#
####_..__##_(#+#
#_____###'#
#########.##


+$K$+ #(.$# ##.## #+# You could see Sonja.

Vanquished Creatures
  Sigmund (D)
  A yak (D)
  An ogre (D)
  A jelly (D)
  Ijyb (D)
5 creatures vanquished.

Notes
Turn   | Place    | Note
-------+----------+-------------------------------------------
     0 | D        | xveg the Minotaur Berserker began the quest for the Orb.
     0 | D        | Reached XP level 1. HP: 19/19 MP: 0/0
     1 | D        | Noticed Ijyb
    18 | D        | Killed Ijyb
    18 | D        | Reached skill level 5 in Fighting
    18 | D        | Reached skill level 5 in Unarmed Combat
    18 | D        | Reached XP level 2. HP: 18/29 MP: 1/1
   238 | D        | Noticed an ogre
   243 | D        | Killed an ogre
   243 | D        | Reached XP level 3. HP: 39/39 MP: 2/2
   243 | D        | Reached XP level 4. HP: 47/47 MP: 3/3
   256 | D        | Noticed Sigmund
   260 | D        | Killed Sigmund
   260 | D        | Reached ** piety under Trog
   260 | D        | Reached skill level 5 in Armour
   260 | D        | Reached skill level 5 in Dodging
   260 | D        | Reached XP level 5. HP: 51/57 MP: 4/4
   275 | D        | Found an ornate altar of the Wu Jian Council.
   275 | D        | Found a deep blue altar of Sif Muna.
   277 | D        | Found a radiant altar of Vehumet.
   280 | D        | Reached XP level 6. HP: 39/66 MP: 5/5
   528 | D        | Found Leill's Antique Armour Emporium.
   528 | D        | Found an ancient bone altar of Kikubaaqudgha.
   528 | D        | Found a hazy altar of Hepliaklqana.
   528 | D        | Found a stormy altar of Qazlal.
   528 | D        | Found a hide-covered altar of Uskayaw.
   528 | D        | Found a blossoming altar of Fedhas.
   528 | D        | Found a bloodstained altar of Trog.
   528 | D        | Found an iron altar of Okawaru.
   528 | D        | Found a basalt altar of Yredelemnul.
   528 | D        | Found a glowing golden altar of the Shining One.
   528 | D        | Found a snail-covered altar of Cheibriados.
   528 | D        | Found a sacrificial altar of Ru.
   528 | D        | Found a glowing silver altar of Zin.
   528 | D        | Found a shadowy altar of Dithmenos.
   528 | D        | Found a white marble altar of Elyvilon.
   528 | D        | Noticed a yak
   534 | D        | Killed a yak
   534 | D        | Reached skill level 10 in Fighting
   534 | D        | Reached skill level 10 in Unarmed Combat
   535 | D        | Found an opulent altar of Gozag.
   536 | D        | Found a sparkling altar of Nemelex Xobeh.
   540 | D        | Bought a runed ring mail for 112 gold pieces
   557 | D        | Noticed Sonja
   579 | D        | HP: 2/67 [poisoned by Sonja]
   580 | D        | Succumbed to Sonja's poison

Skill      XL: |  1  2  3  4  5  6 |
---------------+-------------------+-----
Fighting       | 5 7 9 10 | 10.6
Armour         | 3 4 5 |  5.5
Dodging        | 3 4 5 6 |  6.6
Unarmed Combat | 5 7 9 10 | 10.5
Stealth        | |  0.6

Action                   |  1- 3 |  4- 6 || total
-------------------------+-------+-------++-------
Melee: Unarmed           |    20 |    21 ||    41
       Headbutt          |     3 |     5 ||     8
       Punch             |     1 |       ||     1
Invok: Trog's Hand       |       |     1 ||     1
  Use: Scroll            |       |     1 ||     1
       Potion            |       |     1 ||     1
Armor: Animal skin       |     5 |       ||     5
       Ring mail         |       |    17 ||    17
Dodge: Dodged            |     6 |    32 ||    38
